Tappara Tampere vs Orlando Solar Bears
Created - Friday, January 23, 2026 at 08:07
Goals
|
| Tappara Tampere |
0 |
1 |
4 |
0 |
1 |
6 |
| Orlando Solar Bears |
1 |
2 |
2 |
0 |
0 |
5 |
|
Shots
|
| Tappara Tampere |
8 |
9 |
20 |
4 |
4 |
41 |
| Orlando Solar Bears |
8 |
10 |
15 |
3 |
4 |
36 |
|
1st period
1. Orlando Solar Bears , Alex Turcotte 6 (Justin Danforth 4, Jesper Boqvist 9) at 15:09 (PP)
Penalties :
Nikita Grebenkin (OSB) for Tripping (Minor) at 5:27, John Klingberg (TAP) for Holding (Minor) at 14:18
2nd period
2. Orlando Solar Bears , Martin Pospisil 9 (Conor Sheary 6) at 0:17
3. Orlando Solar Bears , Alex Turcotte 7 (Justin Danforth 5) at 1:01 (PP)
4. Tappara Tampere , Sam Carrick 2 (Jan Rutta 4, Mitchell Chaffee 9) at 1:15
Penalties :
Corey Perry (TAP) for High sticking (Minor) at 0:30, Jakub Lauko (TAP) for Slashing (Minor) at 1:25, Martin Pospisil (OSB) for Hooking (Minor) at 6:52, Jan Rutta (TAP) for Holding (Minor) at 9:24
3rd period
5. Tappara Tampere , Pierre Engvall 4 (Jakub Lauko 3, Andrew Poturalski 7) at 6:08
6. Tappara Tampere , Nathan Walker 11 (Jan Rutta 5, Mitchell Chaffee 10) at 6:22
7. Orlando Solar Bears , Amadeus Lombardi 4 (Justin Sourdif 5, Carter Mazur 3) at 9:49
8. Orlando Solar Bears , Carter Mazur 2 (Topi Niemela 2, Justin Sourdif 6) at 12:42
9. Tappara Tampere , David Kampf 3 (Corey Perry 5, Logan Stankoven 6) at 16:39
10. Tappara Tampere , Ty Gallagher 1 (Logan Stankoven 7, David Kampf 5) at 19:20
Penalties :
No Penalty
Overtime #1
No Goal
Penalties :
No Penalty
Shootout
Tappara Tampere, Logan Stankoven - Stopped by Daniel Vladar
Orlando Solar Bears, Gustav Nyquist - Stopped by Joel Hofer
Tappara Tampere, Corey Perry - Shot Misses the Net
Orlando Solar Bears, Martin Pospisil - Stopped by Joel Hofer
Tappara Tampere, David Kampf - Shot Misses the Net
Orlando Solar Bears, Justin Danforth - Stopped by Joel Hofer
Tappara Tampere, Nathan Walker - Goal!
Orlando Solar Bears, Conor Sheary - Shot Misses the Net
Penalties :
No Penalty
Goalie Stats
Joel Hofer (TAP), 31 saves from 36 shots - (0.861), W, 5-1-0, 64:36 minutes
Daniel Vladar (OSB), 36 saves from 41 shots - (0.878), OTL, 6-1-1, 65:00 minutes
Players Stats for Tappara Tampere
Player Name G A P +/- PIM S H SB GA TA FO MP PP MP PK MP
------------------------------------------------------------------------------------
0 0 0 0 0 0 0 0 0 0 0/0 0:00 0:00 0:00
Andreas Englund 0 0 0 2 0 1 2 1 0 1 0/0 27:34 1:56 2:46
Andrew Poturalski 0 1 1 0 0 0 2 0 1 1 5/10 12:56 0:00 0:50
Corey Perry 0 1 1 1 2 4 1 0 1 1 0/3 19:09 2:02 0:00
David Kampf 1 1 2 1 0 7 1 2 0 1 1/4 22:14 2:02 2:30
Jakub Lauko 0 1 1 0 2 1 0 1 1 1 1/1 13:54 0:00 1:31
Jan Rutta 0 2 2 2 2 2 1 2 0 1 0/0 26:17 1:56 1:30
John Klingberg 0 0 0 -1 2 1 1 0 0 1 0/0 22:02 2:02 2:09
Justin Holl 0 0 0 -1 0 2 0 1 0 2 0/0 22:28 2:02 2:34
Klim Kostin 0 0 0 -1 0 0 1 3 0 0 0/0 9:18 0:00 0:00
Logan Stankoven 0 2 2 1 0 1 2 0 0 1 14/25 19:10 2:02 0:00
Max Sasson 0 0 0 -1 0 0 0 0 2 0 1/1 10:35 0:00 0:35
Mitchell Chaffee 0 2 2 2 0 5 2 1 0 0 1/1 15:50 1:56 0:00
Nathan Walker 1 0 1 2 0 5 1 0 3 0 3/4 20:45 1:56 2:37
Pierre Engvall 1 0 1 0 0 4 1 0 1 0 0/0 12:44 0:00 0:00
Sam Carrick 1 0 1 2 0 5 0 1 0 0 9/12 18:27 1:56 2:37
Tomas Nosek 0 0 0 -1 0 1 0 0 0 0 1/2 9:18 0:00 0:00
Ty Gallagher 1 0 1 1 0 2 0 2 0 1 0/0 16:57 0:00 1:41
Ville Ottavainen 0 0 0 1 0 0 1 4 0 0 0/0 14:58 0:00 0:00
Players Stats for Orlando Solar Bears
Player Name G A P +/- PIM S H SB GA TA FO MP PP MP PK MP
------------------------------------------------------------------------------------
0 0 0 0 0 0 0 0 0 0 0/0 0:00 0:00 0:00
Adam Beckman 0 0 0 0 0 2 3 0 1 0 0/0 14:31 0:00 1:07
Alex Turcotte 2 0 2 -3 0 5 1 0 0 1 0/2 16:02 2:04 0:00
Amadeus Lombardi 1 0 1 2 0 4 1 1 0 0 2/4 11:01 0:00 0:00
Carter Mazur 1 1 2 2 0 7 0 0 1 0 0/0 10:28 0:00 0:00
Conor Sheary 0 1 1 -1 0 1 1 0 1 2 0/0 20:02 3:16 1:53
Gustav Nyquist 0 0 0 -1 0 0 1 0 0 0 11/23 21:15 3:16 2:01
Henry Thrun 0 0 0 0 0 1 1 3 0 0 0/0 27:05 3:18 2:23
Isaak Phillips 0 0 0 1 0 0 1 0 2 0 0/0 14:56 0:00 0:00
Jesper Boqvist 0 1 1 -3 0 0 2 1 0 0 0/0 16:02 2:04 0:00
Justin Danforth 0 2 2 -3 0 2 4 2 0 0 11/22 19:42 2:04 1:53
Justin Sourdif 0 2 2 2 0 4 2 2 1 2 0/0 10:28 0:00 0:00
Marat Khusnutdinov 0 0 0 0 0 2 3 1 1 2 2/10 13:42 0:00 0:04
Martin Pospisil 1 0 1 -1 2 5 2 0 3 0 1/2 20:01 3:16 0:58
Nikita Grebenkin 0 0 0 0 2 1 0 0 0 0 0/0 12:46 0:00 0:00
Spencer Stastney 0 0 0 -3 0 0 0 0 0 1 0/0 22:59 2:02 1:35
TJ Brodie 0 0 0 0 0 1 2 0 0 1 0/0 27:05 3:18 2:23
Topi Niemela 0 1 1 1 0 0 0 1 1 0 0/0 14:56 0:00 0:00
Ty Nelson 0 0 0 -3 0 1 0 3 0 0 0/0 22:59 2:02 1:35
3 Stars
1 - David Kampf (TAP)
2 - Carter Mazur (OSB)
3 - Mitchell Chaffee (TAP)
Power Play
Tappara Tampere - 0 on 2 Attempt(s) - 0.00%
Orlando Solar Bears - 2 on 4 Attempt(s) - 50.00%
Penalty Kill
Tappara Tampere - 2 on 4 Attempt(s) - 50.00%
- Score 0 goal in Penalty Kill
Orlando Solar Bears - 2 on 2 Attempt(s) - 100.00%
- Score 0 goal in Penalty Kill
Team Stat
Tappara Tampere - Hits : 16 - Faceoff Wins : 36 - Blocked Shots : 18 - Penalty Minutes : 8
Orlando Solar Bears - Hits : 24 - Faceoff Wins : 27 - Blocked Shots : 14 - Penalty Minutes : 4
Official
Referees : Pierre Lambert and Kendrick Nicholson
Linesman : Ryan Jackson and Ben O'Quinn
Game Notes
16:39 of 3rd period - Tappara Tampere goal is going for a video replay. After video review, Goal.
Tappara Tampere
5 vs 5 Forward
Center Left Wing Right Wing Time % Phy DF OF
1 Logan Stankoven David Kampf Corey Perry 30 1 2 2
2 Sam Carrick Nathan Walker Mitchell Chaffee 30 1 2 2
3 Andrew Poturalski Pierre Engvall Jakub Lauko 25 1 2 2
4 Tomas Nosek Max Sasson Klim Kostin 15 1 2 2
5 vs 5 Defense
Defense Defense Time % Phy DF OF
1 Jan Rutta Andreas Englund 30 1 2 2
2 John Klingberg Justin Holl 30 1 2 2
3 Ville Ottavainen Ty Gallagher 25 1 2 2
4 Jan Rutta Andreas Englund 15 1 2 2
PowerPlay Forward
Center Left Wing Right Wing Time % Phy DF OF
1 Logan Stankoven David Kampf Corey Perry 50 1 2 2
2 Sam Carrick Nathan Walker Mitchell Chaffee 50 1 2 2
PowerPlay Defense
Defense Defense Time % Phy DF OF
1 Jan Rutta Andreas Englund 50 1 2 2
2 John Klingberg Justin Holl 50 1 2 2
Penalty Kill 4 Players Forward
Center Wing Time % Phy DF OF
1 David Kampf Jakub Lauko 50 1 4 0
2 Sam Carrick Nathan Walker 50 1 4 0
Penalty Kill 4 Players Defense
Defense Defense Time % Phy DF OF
1 Jan Rutta Andreas Englund 50 1 2 2
2 John Klingberg Justin Holl 50 1 2 2
Penalty Kill - 3 Players Forward
Forward Time % Phy DF OF
1 Sam Carrick 50 1 4 0
2 Tomas Nosek 50 1 4 0
Penalty Kill - 3 Players Defense
Defense Defense Time % Phy DF OF
1 Jan Rutta Andreas Englund 50 1 4 0
2 John Klingberg Justin Holl 50 1 4 0
4 vs 4 Forward
Center Wing Time % Phy DF OF
1 Logan Stankoven Corey Perry 50 1 2 2
2 David Kampf Nathan Walker 50 1 2 2
4 vs 4 Defense
Defense Defense Time % Phy DF OF
1 Jan Rutta Andreas Englund 50 1 2 2
2 John Klingberg Justin Holl 50 1 2 2
Last Minutes Offensive
Center Left Wing Right Wing Defense Defense
Logan Stankoven David Kampf Corey Perry Jan Rutta Andreas Englund
Last Minutes Defensive
Center Left Wing Right Wing Defense Defense
Logan Stankoven David Kampf Corey Perry Jan Rutta Andreas Englund
Goaltenders
Starting : Joel Hofer
Backup : Ken Appleby
Extra Forwards
Normal : Max Sasson, Pierre Engvall, Andrew Poturalski - PP : Max Sasson, Pierre Engvall - PK : Andrew Poturalski
Extra Defensemen
Normal : Ville Ottavainen, Ty Gallagher, John Klingberg - PP : Ville Ottavainen - PK : Ty Gallagher, John Klingberg
Penalty Shots
Logan Stankoven, Corey Perry, David Kampf, Nathan Walker, Sam Carrick
Scratches
Dominik Kubalik (Healthy), Jonathan Lekkerimaki (Healthy), Sebastian J. Aho (Healthy), Jayson Megna (Healthy), Roni Hirvonen (Healthy)
Simon Robertsson (Healthy), Niko Huuhtanen (Healthy), Jesse Pulkkinen (Healthy), Nikita Tolopilo (Healthy)
Orlando Solar Bears
5 vs 5 Forward
Center Left Wing Right Wing Time % Phy DF OF
1 Gustav Nyquist Conor Sheary Martin Pospisil 30 1 2 2
2 Justin Danforth Jesper Boqvist Alex Turcotte 30 1 2 2
3 Marat Khusnutdinov Adam Beckman Nikita Grebenkin 25 1 2 2
4 Amadeus Lombardi Carter Mazur Justin Sourdif 15 1 2 2
5 vs 5 Defense
Defense Defense Time % Phy DF OF
1 TJ Brodie Henry Thrun 30 1 2 2
2 Spencer Stastney Ty Nelson 30 1 2 2
3 Isaak Phillips Topi Niemela 25 1 2 2
4 TJ Brodie Henry Thrun 15 1 2 2
PowerPlay Forward
Center Left Wing Right Wing Time % Phy DF OF
1 Gustav Nyquist Conor Sheary Martin Pospisil 50 1 2 2
2 Justin Danforth Jesper Boqvist Alex Turcotte 50 1 2 2
PowerPlay Defense
Defense Defense Time % Phy DF OF
1 TJ Brodie Henry Thrun 50 1 2 2
2 Spencer Stastney Ty Nelson 50 1 2 2
Penalty Kill 4 Players Forward
Center Wing Time % Phy DF OF
1 Gustav Nyquist Martin Pospisil 50 1 2 2
2 Justin Danforth Conor Sheary 50 1 2 2
Penalty Kill 4 Players Defense
Defense Defense Time % Phy DF OF
1 TJ Brodie Henry Thrun 50 1 2 2
2 Spencer Stastney Ty Nelson 50 1 2 2
Penalty Kill - 3 Players Forward
Forward Time % Phy DF OF
1 Gustav Nyquist 50 1 2 2
2 Martin Pospisil 50 1 2 2
Penalty Kill - 3 Players Defense
Defense Defense Time % Phy DF OF
1 TJ Brodie Henry Thrun 50 1 2 2
2 Spencer Stastney Ty Nelson 50 1 2 2
4 vs 4 Forward
Center Wing Time % Phy DF OF
1 Gustav Nyquist Martin Pospisil 50 1 2 2
2 Justin Danforth Conor Sheary 50 1 2 2
4 vs 4 Defense
Defense Defense Time % Phy DF OF
1 TJ Brodie Henry Thrun 50 1 2 2
2 Spencer Stastney Ty Nelson 50 1 2 2
Last Minutes Offensive
Center Left Wing Right Wing Defense Defense
Gustav Nyquist Conor Sheary Martin Pospisil TJ Brodie Henry Thrun
Last Minutes Defensive
Center Left Wing Right Wing Defense Defense
Gustav Nyquist Conor Sheary Martin Pospisil TJ Brodie Henry Thrun
Goaltenders
Starting : Daniel Vladar
Backup : Domenic DiVincentiis
Extra Forwards
Normal : Marat Khusnutdinov, Amadeus Lombardi, Adam Beckman - PP : Marat Khusnutdinov, Amadeus Lombardi - PK : Adam Beckman
Extra Defensemen
Normal : Isaak Phillips, Topi Niemela, Spencer Stastney - PP : Isaak Phillips - PK : Topi Niemela, Spencer Stastney
Penalty Shots
Gustav Nyquist, Martin Pospisil, Justin Danforth, Conor Sheary, Jesper Boqvist
Scratches
Elliot Desnoyers (Healthy), Lukas Cormier (Healthy), Viktor Neuchev (Healthy), Alexis Gendron (Healthy), Marshall Warren (Healthy)
Erik Portillo (Healthy)
% Time on Ice - Tappara Tampere
Lines # - Real PCT - Wanted PCT - Time Play
Normal Forward
1 - 30% - 30% - 14:51
2 - 28% - 30% - 13:54
3 - 24% - 25% - 12:04
4 - 19% - 15% - 9:18
Normal Defense
1 - 29% - 30% - 14:36
2 - 31% - 30% - 15:23
3 - 28% - 25% - 14:12
4 - 12% - 15% - 5:56
PP Forward
1 - 51% - 50% - 2:02
2 - 49% - 50% - 1:56
PP Defense
1 - 49% - 50% - 1:56
2 - 51% - 50% - 2:02
PK Forward
1 - 51% - 50% - 2:43
2 - 49% - 50% - 2:37
PK Defense
1 - 52% - 50% - 2:46
2 - 48% - 50% - 2:34
PK3 Forward
1 - 0% - 50%
2 - 0% - 50%
PK3 Defense
1 - 0% - 50%
2 - 0% - 50%
44 Forward
1 - 43% - 50% - 2:09
2 - 57% - 50% - 2:51
44 Defense
1 - 47% - 50% - 2:20
2 - 53% - 50% - 2:40
Last Minute Offensive - 0:35
Last Minute Defensive - 0:00
Total
Forward - 65:00
Defense - 65:00
|
% Time on Ice - Orlando Solar Bears
Lines # - Real PCT - Wanted PCT - Time Play
Normal Forward
1 - 27% - 30% - 13:34
2 - 28% - 30% - 13:58
3 - 25% - 25% - 12:42
4 - 21% - 15% - 10:28
Normal Defense
1 - 27% - 30% - 13:55
2 - 34% - 30% - 17:03
3 - 29% - 25% - 14:56
4 - 9% - 15% - 4:48
PP Forward
1 - 61% - 50% - 3:16
2 - 39% - 50% - 2:04
PP Defense
1 - 62% - 50% - 3:18
2 - 38% - 50% - 2:02
PK Forward
1 - 53% - 50% - 2:05
2 - 47% - 50% - 1:53
PK Defense
1 - 60% - 50% - 2:23
2 - 40% - 50% - 1:35
PK3 Forward
1 - 0% - 50%
2 - 0% - 50%
PK3 Defense
1 - 0% - 50%
2 - 0% - 50%
44 Forward
1 - 56% - 50% - 2:47
2 - 44% - 50% - 2:13
44 Defense
1 - 54% - 50% - 2:41
2 - 46% - 50% - 2:19
Last Minute Offensive - 0:00
Last Minute Defensive - 0:00
Total
Forward - 65:00
Defense - 65:00
|
Play-by-Play
1st period
0:01 of 1st period - Gustav Nyquist wins face-off versus Corey Perry in neutral zone.
1:35 of 1st period - Wrist shot by Conor Sheary.
1:35 of 1st period - Shot Blocked by David Kampf.
1:37 of 1st period - Snap shot by Martin Pospisil.
1:37 of 1st period - Shot Misses the Net.
2:16 of 1st period - Nikita Grebenkin is hit by Andrew Poturalski.
2:35 of 1st period - Slapshot by Justin Sourdif.
2:35 of 1st period - Shot Misses the Net.
2:37 of 1st period - Wrist shot by Amadeus Lombardi.
2:37 of 1st period - Shot Misses the Net.
2:39 of 1st period - Snap shot by Carter Mazur.
2:39 of 1st period - Stopped by Joel Hofer with a rebound.
3:25 of 1st period - Slapshot by Justin Danforth.
3:25 of 1st period - Shot Blocked by Ville Ottavainen.
4:40 of 1st period - Snap shot by Mitchell Chaffee.
4:40 of 1st period - Stopped by Daniel Vladar without a rebound.
4:41 of 1st period - Mitchell Chaffee wins face-off versus Justin Danforth in Orlando Solar Bears zone.
5:02 of 1st period - Mitchell Chaffee is hit by Justin Danforth and loses puck.
5:09 of 1st period - Wrist shot by Alex Turcotte.
5:09 of 1st period - Shot Blocked by Mitchell Chaffee.
5:15 of 1st period - Slapshot by Alex Turcotte.
5:15 of 1st period - Stopped by Joel Hofer without a rebound.
5:16 of 1st period - Logan Stankoven wins face-off versus Marat Khusnutdinov in Tappara Tampere zone.
5:16 of 1st period - Logan Stankoven is hit by Marat Khusnutdinov.
5:27 of 1st period - Minor Penalty to Nikita Grebenkin for Tripping.
5:28 of 1st period - Logan Stankoven wins face-off versus Gustav Nyquist in Orlando Solar Bears zone.
5:54 of 1st period - Mitchell Chaffee is hit by Gustav Nyquist and loses puck.
7:27 of 1st period - Penalty to Nikita Grebenkin is over, Nikita Grebenkin is back on ice.
7:35 of 1st period - Snap shot by Nikita Grebenkin.
7:35 of 1st period - Deflect By Justin Sourdif.
7:35 of 1st period - Shot Misses the Net.
7:35 of 1st period - Puck is out of play.
7:36 of 1st period - Amadeus Lombardi wins face-off versus Andrew Poturalski in Tappara Tampere zone.
8:01 of 1st period - Klim Kostin is hit by Adam Beckman and loses puck.
8:24 of 1st period - Snap shot by Justin Danforth.
8:24 of 1st period - Shot Blocked by Klim Kostin.
8:54 of 1st period - Wrist shot by Nathan Walker.
8:54 of 1st period - Stopped by Daniel Vladar without a rebound.
8:55 of 1st period - Logan Stankoven wins face-off versus Marat Khusnutdinov in Orlando Solar Bears zone.
9:09 of 1st period - Slapshot by Marat Khusnutdinov.
9:09 of 1st period - Stopped by Joel Hofer without a rebound.
9:10 of 1st period - Sam Carrick wins face-off versus Gustav Nyquist in Tappara Tampere zone.
9:47 of 1st period - Snap shot by Sam Carrick.
9:47 of 1st period - Shot Misses the Net.
9:59 of 1st period - Wrist shot by Mitchell Chaffee.
9:59 of 1st period - Stopped by Daniel Vladar without a rebound.
10:00 of 1st period - Logan Stankoven wins face-off versus Justin Danforth in Orlando Solar Bears zone.
10:12 of 1st period - Snap shot by Corey Perry.
10:12 of 1st period - Shot Misses the Net.
10:14 of 1st period - Snap shot by David Kampf.
10:14 of 1st period - Shot Blocked by Henry Thrun.
11:05 of 1st period - Carter Mazur is hit by Logan Stankoven.
11:11 of 1st period - Wrist shot by Amadeus Lombardi.
11:11 of 1st period - Deflect By Carter Mazur.
11:11 of 1st period - Stopped by Joel Hofer without a rebound.
11:12 of 1st period - Gustav Nyquist wins face-off versus Andrew Poturalski in Tappara Tampere zone.
11:44 of 1st period - Nathan Walker is hit by Martin Pospisil and loses puck.
11:54 of 1st period - Icing by John Klingberg.
11:55 of 1st period - Sam Carrick wins face-off versus Justin Danforth in Tappara Tampere zone.
12:06 of 1st period - Nathan Walker is hit by Justin Danforth and loses puck.
12:46 of 1st period - Spencer Stastney is hit by Andreas Englund and loses puck.
13:57 of 1st period - Wrist shot by Pierre Engvall.
13:57 of 1st period - Shot Misses the Net.
14:07 of 1st period - Snap shot by Justin Sourdif.
14:07 of 1st period - Shot Blocked by Klim Kostin.
14:09 of 1st period - Slapshot by Justin Sourdif.
14:09 of 1st period - Shot Misses the Net.
14:11 of 1st period - Snap shot by Amadeus Lombardi.
14:11 of 1st period - Deflect By Carter Mazur.
14:11 of 1st period - Stopped by Joel Hofer with a rebound.
14:13 of 1st period - Wrist shot by Justin Sourdif.
14:13 of 1st period - Shot Misses the Net.
14:18 of 1st period - Minor Penalty to John Klingberg for Holding.
14:19 of 1st period - Jakub Lauko wins face-off versus Gustav Nyquist in Tappara Tampere zone.
14:51 of 1st period - Icing by TJ Brodie.
14:52 of 1st period - Sam Carrick wins face-off versus Justin Danforth in Orlando Solar Bears zone.
15:05 of 1st period - Snap shot by Jesper Boqvist.
15:05 of 1st period - Shot Misses the Net.
15:07 of 1st period - Snap shot by Justin Danforth.
15:07 of 1st period - Shot Hit the Post.
15:09 of 1st period - Backhand shot by Alex Turcotte.
15:09 of 1st period - Goal by Alex Turcotte - Tappara Tampere : 0 - Orlando Solar Bears : 1.
15:10 of 1st period - Justin Danforth wins face-off versus Logan Stankoven in neutral zone.
15:17 of 1st period - Wrist shot by Alex Turcotte.
15:17 of 1st period - Shot Blocked by Jan Rutta.
16:25 of 1st period - Justin Holl is hit by Isaak Phillips and loses puck.
16:36 of 1st period - Slapshot by John Klingberg.
16:36 of 1st period - Deflect By Klim Kostin.
16:36 of 1st period - Shot Blocked by Jesper Boqvist.
16:36 of 1st period - Puck is out of play.
16:37 of 1st period - Justin Danforth wins face-off versus Logan Stankoven in Orlando Solar Bears zone.
16:52 of 1st period - Wrist shot by Corey Perry.
16:52 of 1st period - Shot Blocked by Justin Danforth.
17:43 of 1st period - Snap shot by Carter Mazur.
17:43 of 1st period - Stopped by Joel Hofer with a rebound.
17:51 of 1st period - Snap shot by Amadeus Lombardi.
17:51 of 1st period - Stopped by Joel Hofer with a rebound.
18:05 of 1st period - Snap shot by Logan Stankoven.
18:05 of 1st period - Shot Misses the Net.
18:07 of 1st period - Wrist shot by Corey Perry.
18:07 of 1st period - Stopped by Daniel Vladar with a rebound.
18:09 of 1st period - Wrist shot by David Kampf.
18:09 of 1st period - Deflect By TJ Brodie.
18:09 of 1st period - Stopped by Daniel Vladar without a rebound.
18:10 of 1st period - Logan Stankoven wins face-off versus Alex Turcotte in Orlando Solar Bears zone.
18:11 of 1st period - Snap shot by David Kampf.
18:11 of 1st period - Stopped by Daniel Vladar with a rebound.
18:22 of 1st period - David Kampf is hit by Jesper Boqvist and loses puck.
18:47 of 1st period - Snap shot by Gustav Nyquist.
18:47 of 1st period - Deflect By Conor Sheary.
18:47 of 1st period - Shot Blocked by Andreas Englund.
18:47 of 1st period - Puck is out of play.
18:48 of 1st period - Andrew Poturalski wins face-off versus Marat Khusnutdinov in Tappara Tampere zone.
19:01 of 1st period - John Klingberg is hit by Marat Khusnutdinov and loses puck.
19:20 of 1st period - Slapshot by Corey Perry.
19:20 of 1st period - Shot Misses the Net.
19:22 of 1st period - Slapshot by Justin Holl.
19:22 of 1st period - Deflect By Spencer Stastney.
19:22 of 1st period - Stopped by Daniel Vladar with a rebound.
19:40 of 1st period - Snap shot by Sam Carrick.
19:40 of 1st period - Deflect By Nathan Walker.
19:40 of 1st period - Stopped by Daniel Vladar with a rebound.
Goals for this period are 0 for Tappara Tampere vs 1 for Orlando Solar Bears.
Shots for this period are 8 for Tappara Tampere vs 8 for Orlando Solar Bears.
2nd period
0:01 of 2nd period - Logan Stankoven wins face-off versus Gustav Nyquist in neutral zone.
0:05 of 2nd period - Off-side.
0:06 of 2nd period - Gustav Nyquist wins face-off versus Logan Stankoven in neutral zone.
0:17 of 2nd period - Wrist shot by Martin Pospisil.
0:17 of 2nd period - Goal by Martin Pospisil - Tappara Tampere : 0 - Orlando Solar Bears : 2.
0:18 of 2nd period - Justin Danforth wins face-off versus Logan Stankoven in neutral zone.
0:30 of 2nd period - Minor Penalty to Corey Perry for High sticking.
0:31 of 2nd period - Sam Carrick wins face-off versus Gustav Nyquist in Tappara Tampere zone.
0:41 of 2nd period - Wrist shot by Conor Sheary.
0:41 of 2nd period - Shot Blocked by Justin Holl.
0:43 of 2nd period - Slapshot by Spencer Stastney.
0:43 of 2nd period - Shot Misses the Net.
0:45 of 2nd period - Snap shot by Martin Pospisil.
0:45 of 2nd period - Stopped by Joel Hofer without a rebound.
0:46 of 2nd period - Justin Danforth wins face-off versus David Kampf in Tappara Tampere zone.
0:47 of 2nd period - Snap shot by Alex Turcotte.
0:47 of 2nd period - Shot Blocked by Jakub Lauko.
1:01 of 2nd period - Snap shot by Alex Turcotte.
1:01 of 2nd period - Goal by Alex Turcotte - Tappara Tampere : 0 - Orlando Solar Bears : 3.
1:02 of 2nd period - Justin Danforth wins face-off versus Sam Carrick in neutral zone.
1:07 of 2nd period - Snap shot by Sam Carrick.
1:07 of 2nd period - Stopped by Daniel Vladar with a rebound.
1:09 of 2nd period - Wrist shot by Mitchell Chaffee.
1:09 of 2nd period - Deflect By Justin Danforth.
1:09 of 2nd period - Stopped by Daniel Vladar with a rebound.
1:11 of 2nd period - Wrist shot by Mitchell Chaffee.
1:11 of 2nd period - Shot Misses the Net.
1:13 of 2nd period - Slapshot by Jan Rutta.
1:13 of 2nd period - Shot Blocked by Henry Thrun.
1:15 of 2nd period - Wrist shot by Sam Carrick.
1:15 of 2nd period - Goal by Sam Carrick - Tappara Tampere : 1 - Orlando Solar Bears : 3.
1:16 of 2nd period - Gustav Nyquist wins face-off versus Andrew Poturalski in neutral zone.
1:23 of 2nd period - Wrist shot by Martin Pospisil.
1:23 of 2nd period - Stopped by Joel Hofer with a rebound.
1:25 of 2nd period - Minor Penalty to Jakub Lauko for Slashing.
1:26 of 2nd period - Gustav Nyquist wins face-off versus David Kampf in Tappara Tampere zone.
2:52 of 2nd period - Max Sasson is hit by Jesper Boqvist and loses puck.
3:25 of 2nd period - Penalty to Jakub Lauko is over, Jakub Lauko is back on ice.
3:32 of 2nd period - Wrist shot by Nikita Grebenkin.
3:32 of 2nd period - Shot Blocked by Ty Gallagher.
3:34 of 2nd period - Snap shot by Marat Khusnutdinov.
3:34 of 2nd period - Shot Blocked by Ville Ottavainen.
4:08 of 2nd period - Sam Carrick is hit by Marat Khusnutdinov and loses puck.
4:19 of 2nd period - Spencer Stastney is hit by Corey Perry and loses puck.
5:42 of 2nd period - Wrist shot by Nathan Walker.
5:42 of 2nd period - Stopped by Daniel Vladar with a rebound.
5:44 of 2nd period - Slapshot by Justin Holl.
5:44 of 2nd period - Deflect By Sam Carrick.
5:44 of 2nd period - Shot Misses the Net.
5:44 of 2nd period - Puck is out of play.
5:45 of 2nd period - Sam Carrick wins face-off versus Amadeus Lombardi in Orlando Solar Bears zone.
6:00 of 2nd period - Sam Carrick is hit by Justin Sourdif and loses puck.
6:18 of 2nd period - Off-side.
6:19 of 2nd period - Justin Danforth wins face-off versus Logan Stankoven in neutral zone.
6:52 of 2nd period - Minor Penalty to Martin Pospisil for Hooking.
6:53 of 2nd period - Sam Carrick wins face-off versus Justin Danforth in Orlando Solar Bears zone.
7:06 of 2nd period - Snap shot by Mitchell Chaffee.
7:06 of 2nd period - Shot Misses the Net.
7:08 of 2nd period - Slapshot by Justin Holl.
7:08 of 2nd period - Stopped by Daniel Vladar with a rebound.
7:26 of 2nd period - Gustav Nyquist is hit by Logan Stankoven and loses puck.
7:40 of 2nd period - Icing by Jan Rutta.
7:41 of 2nd period - Justin Danforth wins face-off versus Corey Perry in Tappara Tampere zone.
7:48 of 2nd period - Slapshot by Corey Perry.
7:48 of 2nd period - Shot Misses the Net.
8:10 of 2nd period - Slapshot by Nathan Walker.
8:10 of 2nd period - Deflect By Mitchell Chaffee.
8:10 of 2nd period - Shot Misses the Net.
8:10 of 2nd period - Puck is out of play.
8:11 of 2nd period - Justin Danforth wins face-off versus Logan Stankoven in Orlando Solar Bears zone.
8:27 of 2nd period - Off-side.
8:28 of 2nd period - Justin Danforth wins face-off versus Sam Carrick in neutral zone.
8:52 of 2nd period - Penalty to Martin Pospisil is over, Martin Pospisil is back on ice.
9:13 of 2nd period - Spencer Stastney is hit by Pierre Engvall and loses puck.
9:21 of 2nd period - Icing by Spencer Stastney.
9:22 of 2nd period - Logan Stankoven wins face-off versus Alex Turcotte in Orlando Solar Bears zone.
9:24 of 2nd period - Minor Penalty to Jan Rutta for Holding.
9:25 of 2nd period - Gustav Nyquist wins face-off versus Sam Carrick in Tappara Tampere zone.
10:54 of 2nd period - Slapshot by Martin Pospisil.
10:54 of 2nd period - Stopped by Joel Hofer with a rebound.
10:56 of 2nd period - Slapshot by Henry Thrun.
10:56 of 2nd period - Shot Blocked by Sam Carrick.
10:58 of 2nd period - Slapshot by TJ Brodie.
10:58 of 2nd period - Shot Misses the Net.
11:00 of 2nd period - Slapshot by TJ Brodie.
11:00 of 2nd period - Stopped by Joel Hofer without a rebound.
11:01 of 2nd period - David Kampf wins face-off versus Justin Danforth in Tappara Tampere zone.
11:24 of 2nd period - Penalty to Jan Rutta is over, Jan Rutta is back on ice.
11:30 of 2nd period - Ty Gallagher is hit by Amadeus Lombardi and loses puck.
11:41 of 2nd period - Snap shot by Amadeus Lombardi.
11:41 of 2nd period - Deflect By Carter Mazur.
11:41 of 2nd period - Stopped by Joel Hofer without a rebound.
11:42 of 2nd period - Tomas Nosek wins face-off versus Marat Khusnutdinov in Tappara Tampere zone.
12:16 of 2nd period - Alex Turcotte is hit by Mitchell Chaffee and loses puck.
12:40 of 2nd period - Slapshot by Carter Mazur.
12:40 of 2nd period - Shot Misses the Net.
13:15 of 2nd period - Justin Sourdif is hit by Nathan Walker and loses puck.
13:20 of 2nd period - Slapshot by Mitchell Chaffee.
13:20 of 2nd period - Shot Blocked by Henry Thrun.
13:59 of 2nd period - Icing by John Klingberg.
14:00 of 2nd period - Logan Stankoven wins face-off versus Marat Khusnutdinov in Tappara Tampere zone.
14:00 of 2nd period - Logan Stankoven is hit by Adam Beckman.
14:08 of 2nd period - Wrist shot by Corey Perry.
14:08 of 2nd period - Stopped by Daniel Vladar with a rebound.
14:47 of 2nd period - Backhand shot by Pierre Engvall.
14:47 of 2nd period - Stopped by Daniel Vladar with a rebound.
14:49 of 2nd period - Slapshot by Andreas Englund.
14:49 of 2nd period - Shot Misses the Net.
14:51 of 2nd period - Wrist shot by Jan Rutta.
14:51 of 2nd period - Deflect By Alex Turcotte.
14:51 of 2nd period - Stopped by Daniel Vladar without a rebound.
14:52 of 2nd period - Logan Stankoven wins face-off versus Justin Danforth in Orlando Solar Bears zone.
14:59 of 2nd period - Logan Stankoven is hit by Justin Danforth and loses puck.
15:50 of 2nd period - Snap shot by Adam Beckman.
15:50 of 2nd period - Stopped by Joel Hofer with a rebound.
16:02 of 2nd period - Justin Sourdif is hit by Klim Kostin and loses puck.
16:09 of 2nd period - Wrist shot by Klim Kostin.
16:09 of 2nd period - Shot Misses the Net.
16:11 of 2nd period - Slapshot by Andreas Englund.
16:11 of 2nd period - Shot Blocked by Justin Sourdif.
16:33 of 2nd period - Jesper Boqvist is hit by David Kampf.
16:47 of 2nd period - Sam Carrick is hit by Martin Pospisil and loses puck.
16:56 of 2nd period - Snap shot by Gustav Nyquist.
16:56 of 2nd period - Shot Misses the Net.
17:38 of 2nd period - Snap shot by Tomas Nosek.
17:38 of 2nd period - Shot Blocked by Justin Sourdif.
17:40 of 2nd period - Snap shot by Tomas Nosek.
17:40 of 2nd period - Stopped by Daniel Vladar with a rebound.
17:59 of 2nd period - Snap shot by Justin Danforth.
17:59 of 2nd period - Stopped by Joel Hofer without a rebound.
18:00 of 2nd period - Gustav Nyquist wins face-off versus Nathan Walker in Tappara Tampere zone.
18:07 of 2nd period - Snap shot by Martin Pospisil.
18:07 of 2nd period - Shot Misses the Net.
18:57 of 2nd period - Snap shot by Nikita Grebenkin.
18:57 of 2nd period - Shot Misses the Net.
19:23 of 2nd period - Snap shot by Justin Sourdif.
19:23 of 2nd period - Stopped by Joel Hofer without a rebound.
19:24 of 2nd period - Sam Carrick wins face-off versus Gustav Nyquist in Tappara Tampere zone.
19:24 of 2nd period - Sam Carrick is hit by Henry Thrun.
19:36 of 2nd period - Snap shot by Mitchell Chaffee.
19:36 of 2nd period - Shot Misses the Net.
19:50 of 2nd period - Logan Stankoven is hit by TJ Brodie and loses puck.
Goals for this period are 1 for Tappara Tampere vs 2 for Orlando Solar Bears.
Shots for this period are 9 for Tappara Tampere vs 10 for Orlando Solar Bears.
3rd period
0:01 of 3rd period - Sam Carrick wins face-off versus Gustav Nyquist in neutral zone.
0:12 of 3rd period - Snap shot by Mitchell Chaffee.
0:12 of 3rd period - Stopped by Daniel Vladar with a rebound.
0:14 of 3rd period - Slapshot by Jan Rutta.
0:14 of 3rd period - Stopped by Daniel Vladar with a rebound.
0:26 of 3rd period - Corey Perry is hit by Justin Danforth and loses puck.
0:35 of 3rd period - Snap shot by Alex Turcotte.
0:35 of 3rd period - Stopped by Joel Hofer without a rebound.
0:36 of 3rd period - Marat Khusnutdinov wins face-off versus Andrew Poturalski in Tappara Tampere zone.
1:44 of 3rd period - Jan Rutta is hit by TJ Brodie.
1:47 of 3rd period - Off-side.
1:48 of 3rd period - Amadeus Lombardi wins face-off versus Tomas Nosek in neutral zone.
1:52 of 3rd period - Off-side.
1:53 of 3rd period - Logan Stankoven wins face-off versus Gustav Nyquist in neutral zone.
2:18 of 3rd period - Jesper Boqvist is hit by Mitchell Chaffee and loses puck.
3:01 of 3rd period - Wrist shot by Justin Sourdif.
3:01 of 3rd period - Stopped by Joel Hofer with a rebound.
3:03 of 3rd period - Backhand shot by Carter Mazur.
3:03 of 3rd period - Shot Blocked by Ty Gallagher.
4:45 of 3rd period - Henry Thrun is hit by John Klingberg and loses puck.
5:04 of 3rd period - Nathan Walker is hit by Alex Turcotte and loses puck.
5:29 of 3rd period - Nikita Grebenkin is hit by Ville Ottavainen and loses puck.
6:06 of 3rd period - Wrist shot by Jakub Lauko.
6:06 of 3rd period - Stopped by Daniel Vladar with a rebound.
6:08 of 3rd period - Slapshot by Pierre Engvall.
6:08 of 3rd period - Goal by Pierre Engvall - Tappara Tampere : 2 - Orlando Solar Bears : 3.
6:09 of 3rd period - Nathan Walker wins face-off versus Justin Danforth in neutral zone.
6:12 of 3rd period - Snap shot by Andreas Englund.
6:12 of 3rd period - Stopped by Daniel Vladar with a rebound.
6:14 of 3rd period - Slapshot by Sam Carrick.
6:14 of 3rd period - Shot Misses the Net.
6:16 of 3rd period - Slapshot by Nathan Walker.
6:16 of 3rd period - Shot Misses the Net.
6:18 of 3rd period - Snap shot by Mitchell Chaffee.
6:18 of 3rd period - Shot Misses the Net.
6:20 of 3rd period - Slapshot by Jan Rutta.
6:20 of 3rd period - Shot Blocked by Justin Danforth.
6:22 of 3rd period - Snap shot by Nathan Walker.
6:22 of 3rd period - Goal by Nathan Walker - Tappara Tampere : 3 - Orlando Solar Bears : 3.
6:23 of 3rd period - Logan Stankoven wins face-off versus Gustav Nyquist in neutral zone.
6:37 of 3rd period - Snap shot by Conor Sheary.
6:37 of 3rd period - Shot Blocked by Jan Rutta.
6:39 of 3rd period - Backhand shot by Conor Sheary.
6:39 of 3rd period - Stopped by Joel Hofer with a rebound.
6:56 of 3rd period - Snap shot by Alex Turcotte.
6:56 of 3rd period - Stopped by Joel Hofer without a rebound.
6:57 of 3rd period - Sam Carrick wins face-off versus Marat Khusnutdinov in Tappara Tampere zone.
7:02 of 3rd period - Snap shot by John Klingberg.
7:02 of 3rd period - Stopped by Daniel Vladar with a rebound.
7:04 of 3rd period - Slapshot by Justin Holl.
7:04 of 3rd period - Shot Misses the Net.
7:06 of 3rd period - Slapshot by Sam Carrick.
7:06 of 3rd period - Stopped by Daniel Vladar with a rebound.
7:08 of 3rd period - Wrist shot by Nathan Walker.
7:08 of 3rd period - Shot Blocked by Marat Khusnutdinov.
7:10 of 3rd period - Slapshot by Justin Holl.
7:10 of 3rd period - Shot Misses the Net.
7:12 of 3rd period - Slapshot by Justin Holl.
7:12 of 3rd period - Deflect By Sam Carrick.
7:12 of 3rd period - Stopped by Daniel Vladar with a rebound.
7:22 of 3rd period - Nikita Grebenkin is hit by Andrew Poturalski and loses puck.
7:58 of 3rd period - Slapshot by Nikita Grebenkin.
7:58 of 3rd period - Shot Misses the Net.
8:34 of 3rd period - Snap shot by Marat Khusnutdinov.
8:34 of 3rd period - Stopped by Joel Hofer with a rebound.
8:36 of 3rd period - Slapshot by Ty Nelson.
8:36 of 3rd period - Stopped by Joel Hofer with a rebound.
8:38 of 3rd period - Slapshot by Nikita Grebenkin.
8:38 of 3rd period - Stopped by Joel Hofer with a rebound.
8:40 of 3rd period - Wrist shot by Nikita Grebenkin.
8:40 of 3rd period - Shot Blocked by Ville Ottavainen.
8:42 of 3rd period - Slapshot by Spencer Stastney.
8:42 of 3rd period - Shot Blocked by Ville Ottavainen.
8:44 of 3rd period - Slapshot by Ty Nelson.
8:44 of 3rd period - Shot Blocked by Klim Kostin.
8:46 of 3rd period - Slapshot by Adam Beckman.
8:46 of 3rd period - Stopped by Joel Hofer without a rebound.
8:47 of 3rd period - Gustav Nyquist wins face-off versus Logan Stankoven in Tappara Tampere zone.
9:37 of 3rd period - Backhand shot by Amadeus Lombardi.
9:37 of 3rd period - Stopped by Joel Hofer without a rebound.
9:38 of 3rd period - Andrew Poturalski wins face-off versus Amadeus Lombardi in Tappara Tampere zone.
9:49 of 3rd period - Slapshot by Amadeus Lombardi.
9:49 of 3rd period - Goal by Amadeus Lombardi - Tappara Tampere : 3 - Orlando Solar Bears : 4.
9:50 of 3rd period - Logan Stankoven wins face-off versus Gustav Nyquist in neutral zone.
9:55 of 3rd period - Icing by Henry Thrun.
9:56 of 3rd period - Gustav Nyquist wins face-off versus Logan Stankoven in Orlando Solar Bears zone.
10:44 of 3rd period - Snap shot by Jakub Lauko.
10:44 of 3rd period - Shot Blocked by Topi Niemela.
11:52 of 3rd period - Snap shot by Andrew Poturalski.
11:52 of 3rd period - Shot Blocked by Amadeus Lombardi.
12:22 of 3rd period - Backhand shot by Amadeus Lombardi.
12:22 of 3rd period - Stopped by Joel Hofer with a rebound.
12:24 of 3rd period - Slapshot by Topi Niemela.
12:24 of 3rd period - Shot Misses the Net.
12:26 of 3rd period - Slapshot by Isaak Phillips.
12:26 of 3rd period - Shot Misses the Net.
12:28 of 3rd period - Wrist shot by Justin Sourdif.
12:28 of 3rd period - Shot Misses the Net.
12:30 of 3rd period - Slapshot by Isaak Phillips.
12:30 of 3rd period - Deflect By Justin Sourdif.
12:30 of 3rd period - Stopped by Joel Hofer with a rebound.
12:32 of 3rd period - Snap shot by Carter Mazur.
12:32 of 3rd period - Stopped by Joel Hofer with a rebound.
12:38 of 3rd period - Wrist shot by Justin Sourdif.
12:38 of 3rd period - Shot Hit the Post.
12:40 of 3rd period - Snap shot by Justin Sourdif.
12:40 of 3rd period - Stopped by Joel Hofer with a rebound.
12:42 of 3rd period - Slapshot by Topi Niemela.
12:42 of 3rd period - Deflect By Carter Mazur.
12:42 of 3rd period - Goal by Carter Mazur - Tappara Tampere : 3 - Orlando Solar Bears : 5.
12:43 of 3rd period - Justin Danforth wins face-off versus Corey Perry in neutral zone.
13:08 of 3rd period - Wrist shot by Mitchell Chaffee.
13:08 of 3rd period - Stopped by Daniel Vladar without a rebound.
13:09 of 3rd period - Nathan Walker wins face-off versus Gustav Nyquist in Orlando Solar Bears zone.
13:14 of 3rd period - Snap shot by Sam Carrick.
13:14 of 3rd period - Shot Blocked by Ty Nelson.
13:16 of 3rd period - Wrist shot by Sam Carrick.
13:16 of 3rd period - Stopped by Daniel Vladar with a rebound.
13:18 of 3rd period - Snap shot by Sam Carrick.
13:18 of 3rd period - Shot Blocked by Ty Nelson.
13:20 of 3rd period - Snap shot by Nathan Walker.
13:20 of 3rd period - Stopped by Daniel Vladar with a rebound.
13:41 of 3rd period - Snap shot by Pierre Engvall.
13:41 of 3rd period - Stopped by Daniel Vladar without a rebound.
13:42 of 3rd period - Logan Stankoven wins face-off versus Justin Danforth in Orlando Solar Bears zone.
13:45 of 3rd period - Snap shot by David Kampf.
13:45 of 3rd period - Shot Misses the Net.
14:29 of 3rd period - Sam Carrick is hit by Adam Beckman and loses puck.
15:07 of 3rd period - Wrist shot by Corey Perry.
15:07 of 3rd period - Stopped by Daniel Vladar with a rebound.
15:13 of 3rd period - Corey Perry is hit by Justin Sourdif and loses puck.
15:28 of 3rd period - Wrist shot by Pierre Engvall.
15:28 of 3rd period - Stopped by Daniel Vladar without a rebound.
15:29 of 3rd period - Andrew Poturalski wins face-off versus Marat Khusnutdinov in Orlando Solar Bears zone.
15:56 of 3rd period - Martin Pospisil is hit by Andreas Englund and loses puck.
16:37 of 3rd period - Snap shot by Corey Perry.
16:37 of 3rd period - Shot Hit the Post.
16:39 of 3rd period - Snap shot by David Kampf.
16:39 of 3rd period - Tappara Tampere goal is going for a video replay.
16:39 of 3rd period - The goal is good.
16:39 of 3rd period - Goal by David Kampf - Tappara Tampere : 4 - Orlando Solar Bears : 5.
16:40 of 3rd period - Marat Khusnutdinov wins face-off versus Andrew Poturalski in neutral zone.
17:58 of 3rd period - Jesper Boqvist is hit by Jan Rutta and loses puck.
18:56 of 3rd period - Tappara Tampere, Joel Hofer is pulled from the net.
18:56 of 3rd period - Wrist shot by David Kampf.
18:56 of 3rd period - Stopped by Daniel Vladar with a rebound.
18:58 of 3rd period - Snap shot by Ty Gallagher.
18:58 of 3rd period - Deflect By Gustav Nyquist.
18:58 of 3rd period - Stopped by Daniel Vladar with a rebound.
19:18 of 3rd period - Snap shot by Logan Stankoven.
19:18 of 3rd period - Shot Misses the Net.
19:20 of 3rd period - Slapshot by Ty Gallagher.
19:20 of 3rd period - Goal by Ty Gallagher - Tappara Tampere : 5 - Orlando Solar Bears : 5.
19:20 of 3rd period - Joel Hofer from Tappara Tampere was sent back in the game.
19:21 of 3rd period - Andrew Poturalski wins face-off versus Marat Khusnutdinov in neutral zone.
19:53 of 3rd period - Wrist shot by David Kampf.
19:53 of 3rd period - Stopped by Daniel Vladar without a rebound.
19:54 of 3rd period - Andrew Poturalski wins face-off versus Justin Danforth in Orlando Solar Bears zone.
Goals for this period are 4 for Tappara Tampere vs 2 for Orlando Solar Bears.
Shots for this period are 20 for Tappara Tampere vs 15 for Orlando Solar Bears.
Overtime #1
0:01 of 1st overtime period - Martin Pospisil wins face-off versus Logan Stankoven in neutral zone.
0:04 of 1st overtime period - Wrist shot by Martin Pospisil.
0:04 of 1st overtime period - Stopped by Joel Hofer without a rebound.
0:05 of 1st overtime period - Logan Stankoven wins face-off versus Gustav Nyquist in Tappara Tampere zone.
0:14 of 1st overtime period - Snap shot by Corey Perry.
0:14 of 1st overtime period - Stopped by Daniel Vladar with a rebound.
0:16 of 1st overtime period - Slapshot by Andreas Englund.
0:16 of 1st overtime period - Deflect By Logan Stankoven.
0:16 of 1st overtime period - Stopped by Daniel Vladar without a rebound.
0:17 of 1st overtime period - Nathan Walker wins face-off versus Justin Danforth in Orlando Solar Bears zone.
0:18 of 1st overtime period - Snap shot by David Kampf.
0:18 of 1st overtime period - Shot Misses the Net.
0:39 of 1st overtime period - Icing by Justin Holl.
0:40 of 1st overtime period - Gustav Nyquist wins face-off versus David Kampf in Tappara Tampere zone.
0:45 of 1st overtime period - Wrist shot by Gustav Nyquist.
0:45 of 1st overtime period - Deflect By Justin Holl.
0:45 of 1st overtime period - Shot Blocked by David Kampf.
0:45 of 1st overtime period - Puck is out of play.
0:46 of 1st overtime period - Gustav Nyquist wins face-off versus Logan Stankoven in Tappara Tampere zone.
1:42 of 1st overtime period - Slapshot by David Kampf.
1:42 of 1st overtime period - Stopped by Daniel Vladar with a rebound.
1:44 of 1st overtime period - Snap shot by David Kampf.
1:44 of 1st overtime period - Stopped by Daniel Vladar without a rebound.
1:45 of 1st overtime period - Justin Danforth wins face-off versus Logan Stankoven in Orlando Solar Bears zone.
1:59 of 1st overtime period - Wrist shot by Justin Danforth.
1:59 of 1st overtime period - Stopped by Joel Hofer with a rebound.
2:01 of 1st overtime period - Slapshot by Henry Thrun.
2:01 of 1st overtime period - Stopped by Joel Hofer with a rebound.
3:41 of 1st overtime period - Off-side.
3:42 of 1st overtime period - Max Sasson wins face-off versus Martin Pospisil in neutral zone.
3:58 of 1st overtime period - Slapshot by Pierre Engvall.
3:58 of 1st overtime period - Shot Blocked by Ty Nelson.
4:43 of 1st overtime period - Nathan Walker is hit by Conor Sheary and loses puck.
Goals for this period are 0 for Tappara Tampere vs 0 for Orlando Solar Bears.
Shots for this period are 4 for Tappara Tampere vs 3 for Orlando Solar Bears.
ShootOut
5:00 of 1st overtime period - Round #1.
5:00 of 1st overtime period - Tappara Tampere, Logan Stankoven.
5:00 of 1st overtime period - Deke by Logan Stankoven.
5:00 of 1st overtime period - Stopped by Daniel Vladar.
5:00 of 1st overtime period - Orlando Solar Bears, Gustav Nyquist.
5:00 of 1st overtime period - Wrist shot by Gustav Nyquist.
5:00 of 1st overtime period - Stopped by Joel Hofer.
5:00 of 1st overtime period - Round #2.
5:00 of 1st overtime period - Tappara Tampere, Corey Perry.
5:00 of 1st overtime period - Backhand shot by Corey Perry.
5:00 of 1st overtime period - Shot Misses the Net.
5:00 of 1st overtime period - Orlando Solar Bears, Martin Pospisil.
5:00 of 1st overtime period - Snap shot by Martin Pospisil.
5:00 of 1st overtime period - Stopped by Joel Hofer.
5:00 of 1st overtime period - Round #3.
5:00 of 1st overtime period - Tappara Tampere, David Kampf.
5:00 of 1st overtime period - Backhand shot by David Kampf.
5:00 of 1st overtime period - Shot Misses the Net.
5:00 of 1st overtime period - Orlando Solar Bears, Justin Danforth.
5:00 of 1st overtime period - Snap shot by Justin Danforth.
5:00 of 1st overtime period - Stopped by Joel Hofer.
5:00 of 1st overtime period - Round #4.
5:00 of 1st overtime period - Tappara Tampere, Nathan Walker.
5:00 of 1st overtime period - Snap shot by Nathan Walker.
5:00 of 1st overtime period - Goal by Nathan Walker.
5:00 of 1st overtime period - Orlando Solar Bears, Conor Sheary.
5:00 of 1st overtime period - Backhand shot by Conor Sheary.
5:00 of 1st overtime period - Shot Misses the Net.
Back to the Top